 Dungeon Crawl Stone Soup version 0.29.1-1-gd02db6906a (webtiles) character file.

Game seed: 5550979833653209413

4895 jamesp the Destroyer (level 10, -8/75 HPs)
             Began as a Naga Hedge Wizard on Sept 29, 2022.
             Was a Believer of Cheibriados.
             Mangled by a vampire mosquito (10 damage)
             ... on level 8 of the Dungeon.
             The game lasted 00:50:52 (12019 turns).

jamesp the Destroyer (Naga Hedge Wizard)           Turns: 12019, Time: 00:50:52

Health: -8/75      AC: 13    Str: 18    XL:     10   Next: 51%
Magic:  15/22      EV: 10    Int: 22    God:    Cheibriados [**....]
Gold:   434        SH:  0    Dex: 22    Spells: 17/25 levels left

rFire   . . .      SeeInvis +   b - +7 sling "Jellybane" {flame, Str+2 SInv Stlth+}
rCold   . . .      Faith    .   (no shield)
rNeg    . . .      Spirit   .   N - +0 steam dragon scales
rPois   +          Reflect  .   E - +0 helmet
rElec   .          Harm     .   O - +0 cloak
rCorr   .          Rampage  .   H - +1 pair of gloves
Will    +....                   x - +0 barding
Stlth   ++++......              p - amulet of the acrobat
HPRegen 0.22/turn               o - +6 ring of dexterity
MPRegen 0.18/turn               u - ring of wizardry

@: very slow
A: AC +3, large, see invisible, deformed body, poison resistance, slowness 2,
spit poison 1, naga tail 1
a: Spit Poison, Renounce Religion, Bend Time


You were on level 8 of the Dungeon.
You worshipped Cheibriados.
Cheibriados was pleased with you.
You visited 2 branches of the dungeon, and saw 9 of its levels.

You collected 434 gold pieces.

Inventory:

Hand Weapons
 a - a +0 vorpal dagger
 b - the +7 sling "Jellybane" (weapon) {flame, Str+2 SInv Stlth+}
   (You found it on level 2 of the Dungeon)

   Any ammunition fired from it burns those it strikes, dealing additional fire
   damage.
   Str:       It affects your strength (+2).
   SInv:      It lets you see invisible.
   Stlth:     It makes you more stealthy.
 R - a +1 vorpal shortbow
 S - a +1 short sword of venom
Missiles
 e - 21 poisoned darts
 j - 45 stones
 k - 7 atropa-tipped darts
 q - 5 boomerangs
 Q - 3 boomerangs of dispersal
 T - a curare-tipped dart
Armour
 c - a +0 hat
 n - a +0 robe
 x - a +0 barding (worn)
 E - a +0 helmet (worn)
 H - a +1 pair of gloves (worn)
 N - +0 steam dragon scales (worn)
 O - a +0 cloak (worn)
Jewellery
 o - a +6 ring of dexterity (left hand)
 p - an amulet of the acrobat (around neck)
 u - a ring of wizardry (right hand)
 D - an amulet of reflection
 P - a ring of ice
Wands
 i - a wand of polymorph (8)
 t - a wand of charming (3)
 G - a wand of flame (22)
Scrolls
 g - a scroll of silence {unknown}
 l - a scroll of brand weapon
 v - a scroll of fog
 z - a scroll of immolation {unknown}
 A - a scroll of enchant armour {unknown}
 F - a scroll of vulnerability {unknown}
 I - a scroll of teleportation {unknown}
 L - a scroll of amnesia {unknown}
 M - 2 scrolls of noise {unknown}
Potions
 d - 2 potions of magic
 f - 2 potions of flight
 h - 2 potions of brilliance
 m - 4 potions of attraction
 w - 2 potions of might
 B - a potion of lignification
 J - 2 potions of haste
 K - a potion of resistance {unknown}


   Skills:
 + Level 7.0 Ranged Weapons
 - Level 4.0 Dodging
 - Level 3.9 Stealth
 + Level 8.0 Spellcasting
 + Level 8.0 Conjurations
 - Level 1.0 Summonings
 - Level 1.0 Translocations
 + Level 4.6 Invocations


You had 17 spell levels left.
You knew the following spells:

 Your Spells              Type           Power      Damage    Failure   Level
a - Magic Dart            Conj           100%       1d8       1%          1
b - Blink                 Tloc           26%        N/A       3%          2
c - Call Imp              Summ           13%        N/A       3%          2
d - Conjure Flame         Conj/Fire      26%        6-21      1%          3

Your spell library contained the following spells:

 Spells                   Type           Power      Damage    Failure   Level
 Apportation              Tloc           26%        N/A       1%          1
 Summon Small Mammal      Summ           52%        N/A       1%          1
 Necrotise                Necr           32%        1d5       3%          1
 Slow                     Hex            32%        N/A       3%          1
 Mephitic Cloud           Conj/Pois/Air  20%        N/A       3%          3
 Corpse Rot               Necr/Pois/Air  8%         N/A       28%         4
 Dispel Undead            Necr           8%         3d8       28%         4
 Death Channel            Necr           4%         N/A       98%         6


Dungeon Overview and Level Annotations

Branches:
Dungeon (8/15)             Temple (1/1) D:7
   Lair: D:8-11

Altars:
Ashenzari
Cheibriados
Ru
Sif Muna
Uskayaw
Vehumet

Shops:
D:1 *

Annotations:
Temple 2 transporters


Innate Abilities, Weirdness & Mutations

Your serpentine skin is tough. (AC +3)
You have supernaturally acute eyesight. (SInv)
Armour fits poorly on your strangely shaped body.
Your system is resistant to poisons. (rPois)
You cover ground very slowly.
You can spit poison.
You have a snake-like lower body.


Message History

The vampire mosquito closely misses you.
The vampire mosquito bites you!
The vampire mosquito draws strength from your injuries!
Casting: Call Imp (safe; 3% risk of failure)
Confirm with . or Enter, or press ? or * to list all spells.
The fire begins to smoulder!
The vampire mosquito bites you but does no damage. x2
The vampire mosquito bites you.
The vampire mosquito draws strength from your injuries!
The vampire mosquito completely misses you.
Your crimson imp completely misses the vampire mosquito.
The vampire mosquito closely misses you.
Casting: Conjure Flame (safe; 1% risk of failure)
Confirm with . or Enter, or press ? or * to list all spells.
The fire ignites!
You are engulfed in blazing flames.
The vampire mosquito barely misses you. The vampire mosquito bites you.
The vampire mosquito draws strength from your injuries!
A water moccasin comes into view.
The vampire mosquito bites you but does no damage.
The vampire mosquito closely misses you. x2
Your crimson imp closely misses the vampire mosquito.
Fire: b) +7 sling "Jellybane" {flame, Str+2 SInv Stlth+}
Press: ? - help, Q - select action, (/) - cycle Shift-Dir - straight line, f - black bear, p - vampire mosquito
Aim: a black bear (76% to hit)
You shoot a sling bullet.
The sling bullet closely misses the vampire mosquito.
The sling bullet barely misses the black bear.
You are engulfed in blazing flames.
* * * LOW HITPOINT WARNING * * *
The vampire mosquito barely misses you. The vampire mosquito bites you.
* * * LOW HITPOINT WARNING * * *
The vampire mosquito draws strength from your injuries!
The vampire mosquito bites you.
* * * LOW HITPOINT WARNING * * *
The vampire mosquito draws strength from your injuries!
The vampire mosquito bites you!
* * * LOW HITPOINT WARNING * * *
The vampire mosquito draws strength from your injuries!
The vampire mosquito bites you!
You die...

....... #...# .......
#...#...........
.......
#...#...........
.......
#...#...........
.......
#...#...........
.......
#...#.......S.
....... #...#.......#
....... #...#..yyy..#
....... #...#...@h5.#
....... #...#.......#
....... #...#.......#
....... #...#.......#
#########...#.......#
#....#.......#
##...#.......#
##...#.......#
#....#.......#


You could see a water moccasin, a black bear, 3 vampire mosquitoes and a
friendly crimson imp (summoned).

Vanquished Creatures
  Maggie (D:6)
  A hornet (D:7)
  A wyvern (D:7)
  A steam dragon (D:7)
  A water moccasin (D:5)
  An ice beast (D:7)
  2 black bears
  6 orc warriors
  A sky beast (D:7)
  2 ogres
  A centaur (D:7)
  4 phantoms
  Blork the orc (D:6)
  A kobold brigand (D:7)
  2 bullfrogs (D:7)
  2 gnoll sergeants
  A necrophage (D:5)
  3 scorpions
  3 wights (D:6)
  3 killer bees (D:7)
  2 howler monkeys
  4 jellies
  2 gnoll boudas
  7 orc priests
  Crazy Yiuf (D:6)
  3 hounds
  8 orc wizards
  Natasha (thrice) (D:2)
  7 iguanas
  11 gnolls
  11 adders
  A shadow imp (D:7)
  3 white imps
  An ufetubus (D:7)
  A worm (D:4)
  42 orcs
  6 ball pythons
  8 endoplasms
  5 giant cockroaches
  5 goblins
  10 hobgoblins
  4 jackals
  5 kobolds
  3 quokkas
  10 bats
  A frilled lizard (D:2)
  5 rats
207 creatures vanquished.

Vanquished Creatures (collateral kills)
  A steam dragon (D:6)
  An orc priest (D:6)
  3 gnolls (D:6)
  An orc (D:6)
6 creatures vanquished.

Vanquished Creatures (others)
  An orc wizard (D:7)
1 creature vanquished.

Grand Total: 214 creatures vanquished

Notes
Turn   | Place    | Note
-------+----------+-------------------------------------------
     0 | D:1      | jamesp the Naga Hedge Wizard began the quest for the Orb.
     0 | D:1      | Reached XP level 1. HP: 15/15 MP: 4/4
   481 | D:1      | Reached XP level 2. HP: 9/22 MP: 4/6
   916 | D:1      | Found Bowupn's Assorted Antiques.
  1341 | D:2      | Reached XP level 3. HP: 20/28 MP: 2/7
  1819 | D:2      | Identified the +7 sling "Jellybane" {flame, Str+2 SInv
                  | Stlth+}
  1856 | D:2      | Noticed Natasha
  1872 | D:2      | Killed Natasha
  1873 | D:2      | Reached XP level 4. HP: 15/36 MP: 5/9
  1891 | D:2      | Noticed Natasha
  2064 | D:2      | Killed Natasha
  2075 | D:2      | Reached skill level 1 in Ranged Weapons
  2446 | D:2      | Reached XP level 5. HP: 10/42 MP: 7/10
  2599 | D:2      | Noticed Natasha
  3165 | D:2      | Killed Natasha
  4275 | D:3      | Reached XP level 6. HP: 46/49 MP: 3/11
  4958 | D:3      | Learned a level 2 spell: Blink
  4961 | D:3      | Learned a level 2 spell: Call Imp
  5361 | D:4      | Reached XP level 7. HP: 33/55 MP: 1/13
  6372 | D:5      | Entered Level 5 of the Dungeon
  6700 | D:5      | Reached XP level 8. HP: 47/62 MP: 15/15
  6724 | D:5      | Reached skill level 5 in Spellcasting
  6956 | D:5      | Reached skill level 5 in Conjurations
  7443 | D:6      | Noticed Blork the orc
  7447 | D:6      | Killed Blork the orc
  8098 | D:6      | Found a radiant altar of Vehumet.
  8155 | D:5      | Reached XP level 9. HP: 46/68 MP: 18/18
  8310 | D:6      | Reached skill level 5 in Ranged Weapons
  8609 | D:6      | Noticed Maggie
  8616 | D:6      | Killed Maggie
  8747 | D:6      | Found a snail-covered altar of Cheibriados.
  8755 | D:6      | Became a worshipper of Cheibriados the Contemplative
  8889 | D:6      | Found a runed translucent door.
  8890 | D:6      | Noticed Crazy Yiuf
  8902 | D:6      | Killed Crazy Yiuf
  9139 | D:7      | Reached skill level 1 in Invocations
  9883 | D:7      | Reached XP level 10. HP: 75/75 MP: 19/21
  9911 | D:7      | Learned a level 3 spell: Conjure Flame
 10006 | D:7      | Reached * piety under Cheibriados
 10064 | D:7      | Found a staircase to the Ecumenical Temple.
 10100 | Temple   | Entered the Ecumenical Temple
 10100 | Temple   | Found a transporter.
 10100 | Temple   | Found a transporter.
 10744 | D:7      | Found a sacrificial altar of Ru.
 11238 | D:7      | Reached ** piety under Cheibriados
 12019 | D:8      | HP: 2/75 [vampire mosquito (7)]
 12019 | D:8      | Mangled by a vampire mosquito

Illustrated notes

Levels and vault maps discovered:
D:1:      scummos_arrival_simple_fountains, layout_basic, serial_shops, shop
D:2:      minmay_recursive_quarters, layout_loops_ring, uniq_natasha
D:3:      layout_basic, kennysheep_generic_room_10
D:4:      layout_basic
D:5:      nicolae_cairo_tiling_very_big, layout_loops_ring,
          corexii_corridor_pit, kennysheep_flooded_box,
          chequers_serial_rivers_small_a
D:6:      layout_cave_pools, kennysheep_mini_moat,
          nicolae_overflow_crystal_walls, minmay_misc_feat_more_columns,
          hangedman_decor_points, uniq_blork_the_orc, uniq_maggie,
          uniq_crazy_yiuf_cottage
D:7:      minmay_s_stair_smasher, layout_basic, nicolae_ru_path_of_blood,
          minmay_temple_entry_waves, serial_corexii_hall,
          corexii_hall_statues_x, chequers_hall_statues_y,
          corexii_hall_statues_x, nrook_mini_backslash
D:8:      layout_gridville, mainiacjoe_overflow_catch_the_wave
Temple:   hellmonk_temple_divided_pantheon

Skill      XL: |  1  2  3  4  5  6  7  8  9 10 |
---------------+-------------------------------+-----
Dodging        | 2 3 4 |  4.0
Conjurations   | 2 3 4 5 7 8 |  8.0
Ranged Weapons | 1 2 3 4 6 7 |  7.0
Spellcasting   | 4 6 7 8 |  8.0
Invocations    | 3 4 |  4.6
Stealth        | |  3.9
Summonings     | |  1.0
Translocations | |  1.0

Action                   |  1- 3 |  4- 6 |  7- 9 | 10-12 || total
-------------------------+-------+-------+-------+-------++-------
Melee: Dagger            |    54 |   155 |       |       ||   209
 Fire: Sling             |       |       |   251 |   150 ||   401
 Cast: Magic Dart        |    38 |   124 |       |       ||   162
       Call Imp          |       |       |    10 |     2 ||    12
       Conjure Flame     |       |       |       |     2 ||     2
 Abil: Spit Poison       |     4 |    23 |    16 |     7 ||    50
Evoke: Wand              |       |     1 |     8 |     2 ||    11
  Use: Potion            |     1 |     2 |     1 |     1 ||     5
       Scroll            |       |     3 |    10 |     3 ||    16
 Stab: Sleeping          |     4 |     1 |       |       ||     5
Armor: Robe              |    12 |    43 |    44 |       ||    99
       Steam dragon scal |       |       |    49 |    55 ||   104
Dodge: Dodged            |    30 |    84 |   122 |    98 ||   334
